 Dungeon Crawl Stone Soup version 0.29-a0-8-g0446c0dae4 (webtiles) character file.

Game seed: 8394150223802731343

12050 dohliylev the Severer (level 11, -1/107 HPs)
             Began as a Minotaur Berserker on Jan 27, 2022.
             Was a Priest of Trog.
             Shot with a bolt by a yaktaur (31 damage)
             ... on level 11 of the Dungeon.
             The game lasted 00:21:41 (13384 turns).

dohliylev the Severer (Minotaur Berserker)         Turns: 13384, Time: 00:21:42

Health: -1/107     AC: 11    Str: 26    XL:     11   Next: 57%
Magic:  10/10      EV: 12    Int:  6    God:    Trog [***...]
Gold:   469        SH:  4    Dex: 10    Spells: 10/10 levels left

rFire   . . .      SeeInvis .   H - +3 war axe
rCold   . . .      Faith    .   C - +0 buckler
rNeg    + + .      Spirit   .   I - +1 scale mail "Poathov" {rN+ Int+2 Stlth-}
rPois   .          Reflect  .   B - +2 hat
rElec   .          Harm     .   (no cloak)
rCorr   .          Rampage  .   a - +1 pair of gloves
Will    ++...                   (no boots)
Stlth   ..........              (no amulet)
HPRegen 1.27/turn               f - ring of positive energy
MPRegen 0.12/turn               G - +4 ring of slaying

@: about to teleport, strong-willed, regenerating
A: horns 2, retaliatory headbutt
a: Renounce Religion, Berserk, Trog's Hand


You were on level 11 of the Dungeon.
You worshipped Trog.
Trog was most pleased with you.
You visited 2 branches of the dungeon, and saw 12 of its levels.
You also visited: Sewer.

You collected 469 gold pieces.

Inventory:

Hand Weapons
 H - a +3 war axe (weapon)
Missiles
 v - a throwing net (quivered)
Armour
 a - a +1 pair of gloves (worn)
 k - a +2 robe of fire resistance
 B - a +2 hat (worn)
 C - a +0 buckler (worn)
 I - the +1 scale mail "Poathov" (worn) {rN+ Int+2 Stlth-}
   (You found it on level 10 of the Dungeon)

   Int:       It affects your intelligence (+2).
   rN:        It protects you from negative energy.
   Stlth:     It makes you less stealthy.
Jewellery
 f - a ring of positive energy (left hand)
 G - a +4 ring of slaying (right hand)
Wands
 r - a wand of flame (10)
 x - a wand of iceblast (8)
 A - a wand of paralysis (7)
Scrolls
 b - 2 scrolls of summoning
 c - 5 scrolls of enchant armour
 d - 7 scrolls of identify
 g - 4 scrolls of teleportation
 j - 3 scrolls of vulnerability {unknown}
 q - a scroll of noise {unknown}
 s - 2 scrolls of fear {unknown}
 u - a scroll of magic mapping
 y - a scroll of enchant weapon {unknown}
 E - a scroll of brand weapon {unknown}
Potions
 e - 5 potions of curing {unknown}
 h - 3 potions of flight {unknown}
 i - 7 potions of heal wounds {unknown}
 l - a potion of degeneration {unknown}
 m - 3 potions of mutation {unknown}
 n - 3 potions of might
 o - a potion of magic {unknown}
 p - 2 potions of cancellation {unknown}
 t - a potion of brilliance {unknown}
 w - a potion of attraction {unknown}
 z - 2 potions of lignification {unknown}
 D - 2 potions of haste {unknown}
 F - a potion of experience {unknown}


   Skills:
 + Level 13.4 Fighting
 - Level 16.0 Axes
 - Level 2.4 Armour
 + Level 7.5 Dodging
 + Level 3.1 Shields


You had 10 spell levels left.
You didn't know any spells.
Your spell library was empty.

Dungeon Overview and Level Annotations

Branches:
Dungeon (11/15)            Temple (1/1) D:4            Lair (0/6) D:9
  Sewer (visited)
    Orc: D:9-12

Altars:
Ashenzari
Cheibriados
Dithmenos
Elyvilon
Fedhas
Gozag
Hepliaklqana
Kikubaaqudgha
Makhleb
Nemelex Xobeh
Okawaru
Qazlal
Ru
Sif Muna
Trog
Uskayaw
Vehumet
Wu Jian
Xom
Yredelemnul
Zin
The Shining One
Lugonu

Shops:
D:1 =


Innate Abilities, Weirdness & Mutations

You have a pair of horns on your head.
You reflexively headbutt those who attack you in melee.


Message History

You kill the orc warrior!
Trog accepts your kill.
The yaktaur shoots a bolt.
The bolt closely misses you.
You hear a shout!
Deactivating autopickup; reactivate with Ctrl-A.
You closely miss something. Something hits you.
The yaktaur shoots a bolt.
The bolt hits you!! Something hits you but does no damage.
The orc wizard casts a spell.
The orc wizard flickers and vanishes!
An orc wizard comes into view. It is wielding a +0 dagger.
The yaktaur shoots a bolt.
The bolt closely misses you.
Things that are here:
a +0 scimitar; a +0 chain mail; an orc corpse A yaktaur comes into view.
Something hits you but does no damage.
The orc wizard hits you but does no damage.
The yaktaur shoots a bolt.
The bolt hits you!
You hear a shout!
You hear a shout!
Something hits you!
A troll comes into view.
Found a stone staircase leading down.
The troll shouts!
Something hits you.
You miss the orc wizard. You headbutt the orc wizard.
The orc wizard is lightly wounded.
Something hits you. The orc wizard casts a spell at you.
The magic dart hits you! Something hits you but does no damage.
The yaktaur shoots a bolt.
The bolt hits you!!
* * * LOW HITPOINT WARNING * * *
As you read the scroll of teleportation, it crumbles to dust.
You feel strangely unstable. Something completely misses you.
Something hits you but does no damage.
The orc wizard hits you but does no damage.
The orc priest looks satisfied for a moment.
The yaktaur shoots a bolt.
The bolt hits you!!
You die...

. o≈≈.........
.##≈≈.......##
...c......≈≈≈
##≈≈c....≈≈≈≈
#.≈≈....≈≈≈≈≈≈
#####+o≈≈....≈≈≈≈≈#
≈≈≈≈≈≈≈8≈...≈≈≈≈≈##
≈≈≈≈≈≈≈≈8.)..≈≈≈≈≈#
.......@o...≈≈≈≈≈.#
.#.......#...≈≈≈≈.#.
#.......#..≈≈≈≈≈...
+..T....#...≈≈≈≈?..
#.......###.≈≈≈≈≈..
#........>..≈≈≈≈...
...?........≈≈≈≈≈.##
..>.........≈≈≈≈≈≈.<
........≈≈≈≈...


You could see 2 yaktaurs, a troll, an orc priest and an orc wizard.

Vanquished Creatures
  Gastronok (D:10)
  Erica (D:10)
  3 two-headed ogres
  Pikel (D:5)
  Joseph (D:9)
  Psyche (D:9)
  A komodo dragon (D:9)
  A troll (D:10)
  Prince Ribbit (D:5)
  Sigmund (D:3)
  2 wyverns (D:10)
  Grum (D:9)
  A wraith (D:9)
  16 yaks
  An acid dragon (D:10)
  Edmund (D:5)
  Duvessa (D:5)
  4 water moccasins
  2 sky beasts
  5 orc warriors
  A black bear (D:5)
  A hornet zombie (D:7)
  2 ogres
  4 wolves (D:9)
  4 centaurs
  Blork the orc (D:5)
  3 kobold brigands
  2 bullfrogs
  A scorpion (D:6)
  2 water moccasin zombies (D:5)
  Dowan (D:5)
  3 bullfrog zombies
  2 centaur zombies (D:5)
  3 hounds
  2 bullfrog skeletons
  2 orc priests
  A centaur skeleton (D:7)
  An iguana (D:6)
  Terence (D:3)
  10 orc wizards
  3 hound zombies
  Robin (D:3)
  A hound skeleton (D:4)
  A howler monkey zombie (D:9)
  4 gnolls (D:6)
  5 adders
  A river rat (D:4)
  2 shadow imps
  5 white imps
  An adder skeleton (D:4)
  5 adder zombies
  27 orcs
  9 endoplasms
  14 goblins
  11 hobgoblins
  4 jackals (D:5)
  20 kobolds
  A quokka (D:2)
  13 ball pythons
  8 bats
  3 frilled lizards
  A jackal zombie (D:4)
  9 rats
  A spectral hobgoblin (D:2)
243 creatures vanquished.

Vanquished Creatures (others)
  A fungus (Sewer)
  13 plants
  3 withered plants (D:5)
17 creatures vanquished.

Grand Total: 260 creatures vanquished

Notes
Turn   | Place    | Note
-------+----------+-------------------------------------------
     0 | D:1      | dohliylev the Minotaur Berserker began the quest for the
                  | Orb.
     0 | D:1      | Reached XP level 1. HP: 19/19 MP: 0/0
   211 | D:1      | Found Omikod's Jewellery Boutique.
   221 | D:1      | Reached skill level 4 in Axes
   221 | D:1      | Reached XP level 2. HP: 15/27 MP: 1/1
  1259 | D:2      | Found a stormy altar of Qazlal.
  1297 | D:2      | Found a faded altar of an unknown god.
  1305 | D:2      | Reached XP level 3. HP: 33/33 MP: 2/2
  1399 | D:2      | Reached ** piety under Trog
  1933 | D:3      | Noticed Robin
  1943 | D:3      | Reached XP level 4. HP: 31/41 MP: 3/3
  1946 | D:3      | Reached skill level 5 in Axes
  1947 | D:3      | Noticed Terence
  1951 | D:3      | Killed Robin
  1966 | D:3      | Killed Terence
  2205 | D:3      | Reached XP level 5. HP: 45/47 MP: 4/4
  2271 | D:3      | Noticed Sigmund
  2278 | D:3      | Killed Sigmund
  2279 | D:3      | Reached skill level 5 in Fighting
  2279 | D:3      | Reached skill level 6 in Axes
  2279 | D:3      | Reached XP level 6. HP: 56/56 MP: 5/5
  2629 | D:4      | Found an iron altar of Okawaru.
  2647 | D:4      | Found a glowing drain.
  2665 | Sewer    | Entered a sewer
  2754 | Sewer    | Reached skill level 7 in Axes
  2840 | Sewer    | Reached *** piety under Trog
  3133 | D:4      | Found a white marble altar of Elyvilon.
  3255 | D:4      | Reached XP level 7. HP: 43/62 MP: 6/6
  3380 | D:4      | Found a staircase to the Ecumenical Temple.
  3520 | D:4      | Reached skill level 8 in Axes
  3520 | D:4      | Found a basalt altar of Yredelemnul.
  4286 | Temple   | Entered the Ecumenical Temple
  4379 | D:5      | Entered Level 5 of the Dungeon
  4453 | D:5      | Reached skill level 9 in Axes
  4577 | D:5      | Reached XP level 8. HP: 37/71 MP: 7/7
  4827 | D:5      | Noticed Blork the orc
  4833 | D:5      | Killed Blork the orc
  4866 | D:5      | Noticed Prince Ribbit
  4867 | D:5      | Identified the +9 hunting sling "Qulequf" {vorpal, rC+
                  | Dex+5}
  4889 | D:5      | Killed Prince Ribbit
  4890 | D:5      | Reached skill level 10 in Axes
  5096 | D:5      | Noticed Pikel
  5105 | D:5      | Killed Pikel
  5106 | D:5      | Reached skill level 11 in Axes
  5109 | D:5      | Reached skill level 5 in Dodging
  5109 | D:5      | Noticed Duvessa
  5124 | D:5      | Killed Duvessa
  5124 | D:5      | Noticed Dowan
  5125 | D:5      | Reached XP level 9. HP: 75/79 MP: 8/8
  5131 | D:5      | Killed Dowan
  5257 | D:5      | Noticed Edmund
  5263 | D:5      | Killed Edmund
  5264 | D:5      | Reached skill level 12 in Axes
  6694 | D:6      | Noticed a two-headed ogre
  6703 | D:6      | Killed a two-headed ogre
  6704 | D:6      | Reached skill level 13 in Axes
  7578 | D:7      | Reached **** piety under Trog
  7819 | D:7      | Reached skill level 14 in Axes
  7903 | D:7      | Reached XP level 10. HP: 71/91 MP: 9/9
  8235 | D:7      | Found an ancient bone altar of Kikubaaqudgha.
  8235 | D:7      | Found a shimmering blue altar of Sif Muna.
  8238 | D:7      | Found a radiant altar of Vehumet.
  8337 | D:7      | Found a glowing golden altar of the Shining One.
  8763 | D:8      | Noticed a two-headed ogre
  8775 | D:8      | Killed a two-headed ogre
  9099 | D:8      | Found a snail-covered altar of Cheibriados.
  9387 | D:8      | Found a burning altar of Makhleb.
  9393 | D:8      | Found a sparkling altar of Nemelex Xobeh.
  9394 | D:8      | Found an opulent altar of Gozag.
  9395 | D:8      | Found a bloodstained altar of Trog.
  9399 | D:8      | Found a blossoming altar of Fedhas.
  9982 | D:8      | Found a sacrificial altar of Ru.
 10255 | D:9      | Noticed Psyche
 10258 | D:9      | Reached skill level 10 in Fighting
 10264 | D:9      | Reached skill level 15 in Axes
 10266 | D:9      | Killed Psyche
 10338 | D:9      | Found a stormy altar of Qazlal.
 10370 | D:9      | Found a staircase to the Lair.
 10861 | D:9      | Noticed Joseph
 10879 | D:9      | Killed Joseph
 11035 | D:9      | Noticed Grum
 11050 | D:9      | Killed Grum
 11755 | D:9      | Reached skill level 16 in Axes
 11755 | D:9      | Reached XP level 11. HP: 101/101 MP: 10/10
 12055 | D:10     | Entered Level 10 of the Dungeon
 12079 | D:10     | Reached skill level 1 in Shields
 12475 | D:10     | Noticed Erica
 12480 | D:10     | Killed Erica
 12530 | D:10     | Found a glowing silver altar of Zin.
 12918 | D:10     | Noticed a two-headed ogre
 12923 | D:10     | Killed a two-headed ogre
 13240 | D:10     | Identified the +1 scale mail "Poathov" {rN+ Int+2 Stlth-}
 13262 | D:10     | Noticed Gastronok
 13271 | D:10     | Killed Gastronok
 13384 | D:11     | Shot with a bolt by a yaktaur

Illustrated notes

Levels and vault maps discovered:
D:1:      sevenhm_arrival_forest_fort_small_4, layout_basic, serial_shops,
          nicolae_shop_statue_plus
D:2:      layout_rooms, dreamdust_ecumenical_altar_drowned_temple, basic_altar,
          minmay_tetromino_l2
D:3:      layout_basic, uniq_terence, uniq_sigmund, uniq_robin
D:4:      layout_basic, mainiacjoe_overflow_paths,
          nicolae_yredelemnul_corpse_copse, lemuel_crystal_altar,
          minmay_temple_entry_gardened_gates, portal_sewer_entry_b,
          minmay_splitting_lines
D:5:      black_bear_nest_1, layout_basic, serial_undead, serial_undead_b,
          serial_undead_a, serial_undead_e, serial_undead_c, uniq_pikel,
          uniq_edmund, uniq_blork_the_orc, uniq_prince_ribbit1, uniq_duvessa
D:6:      layout_loops_corners, chequers_serial_rivers_micro_e,
          item_on_display_a
D:7:      layout_loops_ring, grunt_temple_overflow_magic_moments,
          nicolae_tso_swordbearing_angel
D:8:      hellmonk_crumbling_castle, layout_layer_cave,
          nicolae_ru_path_of_blood, lemuel_doored_altar, minitemple,
          serial_glass, glass_columns_b, glass_columns_a
D:9:      layout_basic, kennysheep_mini, david_lair_shrubbed,
          hangedman_abyss_or_decor_jellyfish_corner, minmay_misc_feat_encased,
          uniq_grum, uniq_psyche, uniq_joseph
D:10:     layout_roguey, old_standard_altar, uniq_erica, uniq_gastronok
D:11:     layout_irregular_city, erik_orc_2, serial_rivers,
          chequers_serial_rivers_room_a, chequers_serial_rivers_micro_d,
          chequers_serial_rivers_small_3, chequers_serial_rivers_large_a,
          chequers_serial_rivers_small_b, chequers_serial_rivers_small_a,
          serial_bayou_pond_e
Temple:   corrupted_temple

Skill      XL: |  1  2  3  4  5  6  7  8  9 10 11 |
---------------+----------------------------------+-----
Axes           | 4 5 6 7 9 11 14 16 | 16.0
Fighting       | 4 5 6 7 9 10 13 | 13.4
Dodging        | 3 4 5 6 7 |  7.5
Shields        | 3 |  3.1
Armour         | |  2.4

Action                   |  1- 3 |  4- 6 |  7- 9 | 10-12 || total
-------------------------+-------+-------+-------+-------++-------
Melee: Hand axe          |    44 |       |       |       ||    44
       Headbutt          |    16 |     9 |    37 |    39 ||   101
       War axe           |    31 |    94 |   235 |   169 ||   529
       Punch             |     1 |     3 |     5 |       ||     9
Invok: Berserk           |     1 |     4 |     7 |     9 ||    21
       Trog's Hand       |       |     2 |     2 |     6 ||    10
  Use: Scroll            |       |     5 |       |     1 ||     6
Armor: Animal skin       |    13 |     3 |       |       ||    16
       Scale mail        |       |    56 |    12 |     7 ||    75
       Chain mail        |       |       |    88 |       ||    88
       Leather armour    |       |       |     8 |     9 ||    17
       Plate armour      |       |       |       |    43 ||    43
Dodge: Dodged            |    55 |    63 |   109 |    62 ||   289
Block: Buckler           |       |       |       |    11 ||    11

Table legend: (Time is in decaauts)
 A = Elapsed time spent in this place.
 B = Non-inter-level travel time spent in this place.
 C = Inter-level travel time spent in this place.
 D = Time resting spent in this place.
 E = Time spent auto-exploring this place.
 F = Levels seen in this place.
 G = Mean time per level.
                   A        B        C        D        E       F      G
               +--------+--------+--------+--------+--------+-----+--------+
         Total |  13597 |  13184 |    413 |   3298 |   8148 |  13 | 1045.9 |
       Dungeon |  13090 |  12688 |    402 |   3124 |   7953 |  11 | 1190.0 |
        Temple |     42 |     31 |     11 |      0 |     23 |   1 |   42.0 |
         Sewer |    464 |    464 |      0 |    173 |    171 |   1 |  464.0 |
               +--------+--------+--------+--------+--------+-----+--------+

Top non-repeatable levels by time:
     D:9: 1817 daAuts
     D:5: 1797 daAuts
     D:8: 1580 daAuts
     D:4: 1371 daAuts
    D:10: 1321 daAuts
     D:7: 1286 daAuts
     D:6: 1272 daAuts
     D:1: 1252 daAuts
     D:3: 722 daAuts
     D:2: 653 daAuts
   Sewer: 464 daAuts
  Temple: 42 daAuts
    D:11: 14 daAuts
